 Dungeon Crawl Stone Soup version 0.22-a0-614-g34fbaa0 (webtiles) character file.

642343 Dietz the Sensei (level 27, -22/244 HPs)
             Began as a Green Draconian Transmuter on July 15, 2018.
             Was a High Priest of Wu Jian.
             Annihilated by a death cob (29 damage)
             ... on level 5 of the Realm of Zot on July 18, 2018.
             The game lasted 10:43:01 (90609 turns).

Dietz the Sensei (Green Draconian Transmuter)      Turns: 90609, Time: 10:43:03

Health: -22/244    AC: 21    Str: 17    XL:     27
Magic:  0/42       EV: 28    Int: 14    God:    Wu Jian [*****.]
Gold:   4541       SH:  0    Dex: 22    Spells: 1/56 levels left

rFire    . . .     SeeInvis .     - Unarmed
rCold    + . .     Gourm    .   (shield currently unavailable)
rNeg     + + .     Faith    .   (armour unavailable)
rPois    +         Spirit   +   K - +2 hat of the Bear Spirit {Spirit, +Rage rN+ MR++}
rElec    +         Reflect  .   u - +2 cloak
rCorr    .         Harm     .   (gloves currently unavailable)
MR       +++++     Clarity  +   t - +2 pair of boots
Stlth    +.........             d - amulet of the Four Winds {rN+ MR+++ Clar}
HPRegen  0.50/turn              m - ring "Juzodal" {rElec rC+ EV-2 Slay+2}
MPRegen  0.28/turn              O - ring "Nitraepp" {MR+ Str+4 Slay+2}

@: exhausted, about to teleport, blade hands, slowed, glowing, heavenly storm,
very slow
A: breathe noxious fumes, unfitting armour, stinger 1, blurry vision 1, poison
resistance, weak 1, cold-blooded, AC +13
}: 3/15 runes: decaying, serpentine, silver
a: Breathe Noxious Fumes, End Transformation, Wall Jump, Serpent's Lash,
Heavenly Storm, Renounce Religion, Evoke Berserk Rage


You were on level 5 of the Realm of Zot.
You worshipped Wu Jian.
Wu Jian was extremely pleased with you.
You were not hungry.
You had blades for hands.
You visited 9 branches of the dungeon, and saw 47 of its levels.
You visited 1 bazaar.
You also visited: Trove and Ice Cave.

You collected 10290 gold pieces.
You spent 5749 gold pieces at shops.

Inventory:

Hand Weapons
 w - the +9 rapier of Isiusatt (melded) {drain, rC+ Stlth+}
   (You found it on level 8 of the Dungeon)

   A truly terrible weapon, it drains the life of those it strikes.
   It protects you from cold.
   It makes you more stealthy.
 H - a +9 falchion of holy wrath
Missiles
 h - 509 stones (quivered)
Armour
 n - the +2 pair of gloves of the Pink Corner (melded) {+Inv rElec MR+}
   (You acquired it in a bazaar)

   It insulates you from electricity.
   It affects your resistance to hostile enchantments.
   It lets you turn invisible.
 t - a +2 pair of boots (worn)
 u - a +2 cloak (worn)
 K - the +2 hat of the Bear Spirit (worn) {Spirit, +Rage rN+ MR++}
   (You acquired it on level 2 of the Orcish Mines)

   It protects you from negative energy.
   It affects your resistance to hostile enchantments.
   It lets you go berserk.
 W - the +3 buckler "Tihier" (melded) {Str+6 Int+3}
   (You bought it in a shop on level 1 of the Vaults)

   It affects your strength (+6).
   It affects your intelligence (+3).
Jewellery
 b - the ring "Recoc" {+Blink rElec MR+++ MP+9 Dex-5}
   (You found it on level 3 of the Realm of Zot)

   [ring of magical power]

   It affects your dexterity (-5).
   It insulates you from electricity.
   It affects your resistance to hostile enchantments.
   It affects your magic capacity (+9).
   It lets you blink.
 d - the amulet of the Four Winds (around neck) {rN+ MR+++ Clar}
   (You found it in a treasure trove)

   [amulet of nothing]

   It protects you from negative energy.
   It affects your resistance to hostile enchantments.
   It protects you against confusion.
 f - a +5 amulet of reflection
 i - an uncursed ring of protection from fire
 m - the ring "Juzodal" (left scythe-like blade) {rElec rC+ EV-2 Slay+2}
   (You bought it in a shop on level 3 of the Vaults)

   [ring of evasion]

   It affects your evasion (-2).
   It affects your accuracy and damage with ranged weapons and melee attacks
   (+2).
   It protects you from cold.
   It insulates you from electricity.
 o - the ring of Shadows {Umbra +Inv Stlth+}
   (You took it off a yaktaur on level 5 of the Vaults)

   [ring of stealth]

   It lets you turn invisible.
   It makes you more stealthy.
 z - an uncursed ring of protection from cold
 N - an uncursed ring of resist corrosion
 O - the ring "Nitraepp" (right scythe-like blade) {MR+ Str+4 Slay+2}
   (You bought it in a shop in a bazaar)

   [ring of protection from magic]

   It affects your strength (+4).
   It affects your accuracy and damage with ranged weapons and melee attacks
   (+2).
   It affects your resistance to hostile enchantments.
 P - an uncursed ring of positive energy
 U - an uncursed ring of protection from fire
 V - an uncursed ring of see invisible
 X - an uncursed ring of positive energy
Wands
 a - a wand of acid (32)
 x - a wand of digging (54)
 A - a wand of clouds (4)
 E - a wand of iceblast (56)
Scrolls
 e - 8 scrolls of fog
 j - 23 scrolls of remove curse
 l - 4 scrolls of blinking
 q - 5 scrolls of identify
 r - 14 scrolls of teleportation
 y - 4 scrolls of silence
 B - 5 scrolls of enchant armour
 C - 6 scrolls of fear
 J - 3 scrolls of magic mapping
Potions
 g - 18 potions of curing
 p - a potion of agility
 s - 8 potions of flight
 v - 5 potions of haste
 D - a potion of might
 F - a potion of cancellation
 G - 9 potions of brilliance
 M - a potion of resistance
 Q - 2 potions of mutation
 R - 3 potions of magic
 Y - a potion of invisibility
Miscellaneous
 I - a sack of spiders
 L - a phantom mirror
 T - a phial of floods
Comestibles
 c - 32 rations


   Skills:
 * Level 19.4 Fighting
 - Level 14.0 Short Blades
 * Level 18.6 Dodging
 - Level 4.0 Shields
 - Level 25.0 Unarmed Combat
 - Level 15.0 Spellcasting
 + Level 0.1 Conjurations
 + Level 0.4 Charms
 + Level 0.4 Necromancy
 * Level 8.1 Translocations
 * Level 22.6 Transmutations
 - Level 0.2 Air Magic
 + Level 0.5 Earth Magic
 + Level 7.9 Poison Magic
 - Level 5.0 Evocations


You had one spell level left.
You knew the following spells:

 Your Spells              Type           Power        Failure   Level  Hunger
a - Beastly Appendage     Tmut           ######       3%          1    None
b - Olgreb's Toxic Radia  Pois           ####....     24%         4    ##.....
c - Spider Form           Tmut/Pois      ######....   5%          3    None
d - Blade Hands           Tmut           ######....   3%          5    ####...
e - Hydra Form            Tmut           ######....   7%          6    ######.
f - Petrify               Tmut/Erth      #####...     12%         4    ##.....
g - Alistair's Intoxicat  Tmut/Pois      ######..     10%         5    ####...
h - Mephitic Cloud        Conj/Pois/Air  ###.....     36%         3    None
i - Blink                 Tloc           N/A          10%         2    None
j - Yara's Violent Unrav  Hex/Tmut       #####.....   19%         5    ####...
k - Ignite Poison         Fire/Tmut/Pois #####...     10%         3    None
l - Passwall              Tmut/Erth      #####...     7%          2    None
m - Regeneration          Chrm/Necr      ##........   56%         3    None
n - Irradiate             Conj/Tmut      #####.....   19%         5    ####...
o - Force Lance           Conj/Tloc      ###.....     47%         4    ##.....

Your spell library contained the following spells:

 Spells                   Type           Power        Failure   Level  Hunger
 Cause Fear               Hex            ##........   88%         4    ##.....
 Fireball                 Conj/Fire      ##........   99%         5    ####...
 Apportation              Tloc           ####..       9%          1    None
 Conjure Flame            Conj/Fire      ##......     61%         3    None
 Bolt of Cold             Conj/Ice       ##........   100%        6    ######.
 Bolt of Magma            Conj/Fire/Erth ##........   98%         5    ####...
 Confuse                  Hex            ##......     61%         3    None
 Invisibility             Hex            ##......     100%        6    ######.
 Throw Flame              Conj/Fire      ##....       43%         2    None
 Throw Frost              Conj/Ice       ##....       43%         2    None
 Freezing Cloud           Conj/Ice/Air   ##........   100%        6    ######.
 Ring of Flames           Chrm/Fire      ##........   100%        7    #######
 Venom Bolt               Conj/Pois      ###.......   75%         5    ####...
 Teleport Other           Tloc           ####....     13%         3    None
 Summon Small Mammal      Summ           ##..         36%         1    None
 Animate Dead             Necr           N/A          85%         4    ##.....
 Pain                     Necr           ##..         34%         1    None
 Animate Skeleton         Necr           N/A          34%         1    None
 Vampiric Draining        Necr           ##........   56%         3    None
 Freeze                   Ice            ##..         36%         1    None
 Ozocubu's Refrigeration  Ice            ##........   100%        6    ######.
 Sticky Flame             Conj/Fire      ##......     88%         4    ##.....
 Summon Ice Beast         Ice/Summ       ##......     88%         4    ##.....
 Ozocubu's Armour         Chrm/Ice       ##......     58%         3    None
 Call Imp                 Summ           ##......     45%         2    None
 Dispel Undead            Necr           ##......     98%         5    ####...
 Sting                    Conj/Pois      ###.         17%         1    None
 Sublimation of Blood     Necr           ##........   41%         2    None
 Tukima's Dance           Hex            ##......     61%         3    None
 Corpse Rot               Necr           N/A          41%         2    None
 Iron Shot                Conj/Erth      ##........   100%        6    ######.
 Stone Arrow              Conj/Erth      ##....       56%         3    None
 Ice Form                 Ice/Tmut       #####...     13%         4    ##.....
 Death Channel            Necr           ##........   100%        6    ######.
 Deflect Missiles         Chrm/Air       ##........   100%        6    ######.
 Throw Icicle             Conj/Ice       ##......     88%         4    ##.....
 Confusing Touch          Hex            ##....       36%         1    None
 Flame Tongue             Conj/Fire      ##...        36%         1    None
 Sticks to Snakes         Tmut           ######..     3%          2    None
 Call Canine Familiar     Summ           ##......     61%         3    None
 Ensorcelled Hibernation  Hex/Ice        ##....       45%         2    None
 Metabolic Englaciation   Hex/Ice        ##........   99%         5    ####...
 Summon Butterflies       Summ           ##......     36%         1    None
 Silence                  Hex/Air        ##........   99%         5    ####...
 Dispersal                Tloc           ####......   75%         6    ######.
 Corona                   Hex            ##.....      36%         1    None
 Lee's Rapid Deconstruct  Erth           ##........   98%         5    ####...
 Sandblast                Erth           ##....       32%         1    None
 Simulacrum               Ice/Necr       ##........   100%        6    ######.
 Conjure Ball Lightning   Conj/Air       ##........   100%        6    ######.
 Passage of Golubria      Tloc           N/A          22%         4    ##.....
 Orb of Destruction       Conj           ##........   100%        7    #######
 Tornado                  Air            ##........   100%        9    #######
 Leda's Liquefaction      Hex/Erth       ##........   87%         4    ##.....
 Summon Hydra             Summ           ##........   100%        7    #######
 Darkness                 Hex            ##........   100%        6    ######.
 Shroud of Golubria       Chrm/Tloc      ###.......   19%         2    None
 Inner Flame              Hex/Fire       ##......     61%         3    None
 Iskenderun's Battlesphe  Conj/Chrm      ##......     98%         5    ####...
 Dazzling Spray           Conj/Hex       ##....       61%         3    None
 Infusion                 Chrm           ##..         34%         1    None
 Song of Slaying          Chrm           ##......     41%         2    None
 Spectral Weapon          Hex/Chrm       ##......     58%         3    None
 Discord                  Hex            ##........   100%        8    #######
 Summon Forest            Summ/Tloc      ###.......   75%         5    ####...
 Summon Lightning Spire   Summ/Air       ##......     88%         4    ##.....
 Summon Guardian Golem    Hex/Summ       ##......     61%         3    None
 Spellforged Servitor     Conj/Summ      ##........   100%        7    #######
 Summon Mana Viper        Hex/Summ       ##......     99%         5    ####...
 Gell's Gravitas          Tloc           ####......   13%         3    None
 Lesser Beckoning         Tloc           ####......   13%         3    None
 Poisonous Vapours        Pois/Air       ###...       21%         2    None


Dungeon Overview and Level Annotations

Branches:
Dungeon (15/15)            Temple (1/1) D:4            Lair (6/6) D:8
  Swamp (4/4) Lair:2        Snake (4/4) Lair:4        Slime (0/5) Lair:5
    Orc (2/2) D:9             Elf (0/3) Orc:2        Vaults (5/5) D:14
  Crypt (0/3) Vaults:3     Depths (5/5) D:15            Zot (5/5) Depths:5

Altars:
Ashenzari
Cheibriados
Dithmenos
Elyvilon
Fedhas
Gozag
Hepliaklqana
Kikubaaqudgha
Makhleb
Nemelex Xobeh
Okawaru
Qazlal
Ru
Sif Muna
Trog
Uskayaw
Vehumet
Wu Jian
Yredelemnul
Zin
The Shining One
Beogh
Jiyva

Shops:
D:11 :(%[   Orc:2 *[[[?*   Snake:1 =}=   Vaults:1 [(([   Vaults:3 =
Vaults:5 ?   Depths:1 [

Portals:
Hell: Depths:1 Depths:2 Depths:3 Depths:4 Depths:5
Abyss: Depths:1 Depths:4 Depths:5
Pandemonium: Depths:3
Ziggurat: Depths:4


Innate Abilities, Weirdness & Mutations

You can breathe blasts of noxious fumes.
Your lurid green scales are hard. (AC +13)
You cannot fit into any form of body armour.
Your tail ends in a poisonous barb.
Your system is resistant to poisons. (rPois)
You are cold-blooded and may be slowed by cold attacks.
Scrolls take you a little longer to read.
You are weak. (Str -2)


Message History

The yellow draconian monk tail-slaps you!
* * * LOW HITPOINT WARNING * * *
The death cob hits you but does no damage.
A death cob opens the door.
The yellow draconian monk hits you!!!
* * * LOW HITPOINT WARNING * * *
The yellow draconian monk kicks you but does no damage.
The yellow draconian monk misses you.
The electric golem blinks!
The death cob completely misses you. The death cob misses you.
The yellow draconian monk misses you.
The yellow draconian monk kicks you but does no damage.
The yellow draconian monk completely misses you.
The death cob misses you.
There is a huge open gate, spattered with blood here.
You spin and attack the death cob repeatedly.
You hit the death cob. You tail-slap the death cob! You slash the death cob!!
The death cob is heavily damaged.
You slash the death cob!
The death cob is severely damaged.
The death cob misses you.
A death cob opens the door.
The death cob hits you!!
You die...

###### ###########....#
########### #.........'§§§y#
#.........#
#.....#####§§§§#####.#######.# ##
........§§§p'qzz@§§.......⌠#.# #.
........§§§§§8qz'+§#.#####.#=###.
........§§'§§yL§+++#.....#.#....<
...###..§§''.8..++'#.....#.######
...# #..§'8'.?[.'+'......#.......
...# #...'+'.!(.'+'......########
+#[# #...'++....+''..##### .#.#
#...'+++''+++'..#
.#'###...'++++++++'..######


You could see a yellow draconian monk (berserk), an ancient lich and 3 death
cobs.

Vanquished Creatures
  7 ancient liches
  8 orbs of fire
  4 juggernauts
  Sojobo (Depths:3)
  Frederick (Vaults:3)
  Boris (Vaults:2)
  Bai Suzhen (Depths:1)
  5 Killer Klowns
  Xtahua (Vaults:4)
  9 curse toes
  Saint Roka (Snake:4)
  9 golden dragons
  3 caustic shrikes (Depths:3)
  A bone dragon (Zot:1)
  Jorgrun (Snake:2)
  17 tentacled monstrosities
  4 electric golems
  25 Orb Guardians (Zot:5)
  3 liches
  3 titans (Vaults:5)
  3 quicksilver dragons
  Gastronok (Lair:3)
  5 sphinxes
  10 death cobs
  12 tengu reavers
  2 thorn hunters (Swamp:4)
  8 nagarajas
  16 storm dragons
  5 draconian monks
  8 shadow dragons
  15 fire giants
  Donald (Swamp:1)
  5 draconian knights (Zot:2)
  3 iron dragons
  10 frost giants
  5 deep elf sorcerers
  An orc warlord (Orc:1)
  6 draconian shifters
  2 ghost moths
  6 draconian scorchers
  A balrug (Depths:1)
  18 vault wardens
  3 draconian stormcallers
  5 spriggan defenders
  19 ironheart preservers
  A war gargoyle (Vaults:5)
  26 very ugly things
  The ghost of ICEMaiden the Destroyer, a journeyman DsFE of Vehumet (Orc:2)
  8 draconian annihilators
  2 entropy weavers
  19 stone giants
  A caustic shrike skeleton (Depths:1)
  3 vampire knights
  4 green draconians
  Nessos (Lair:4)
  A deep elf demonologist (Depths:2)
  6 deep elf annihilators
  14 white draconians
  6 yellow draconians
  5 spark wasps
  7 black draconians
  8 purple draconians
  7 red draconians
  7 dire elephants
  2 deep elf death magi
  15 fire dragons
  2 crystal guardians
  Snorg (D:11)
  14 ettins
  17 yaktaur captains
  3 deep elf high priests
  Erolcha (D:11)
  5 great orbs of eyes
  The ghost of fooot the Carver, a journeyman FoAK of Lugonu (D:11)
  13 naga warriors
  A great orb of eyes (shapeshifter) (Vaults:5)
  2 rakshasas (Depths:2)
  12 ice dragons
  Harold (Lair:4)
  33 vault guards
  3 spriggan air magi
  An ice dragon (shapeshifter) (Vaults:5)
  4 ghost crabs
  2 catoblepae (Lair:6)
  8 anacondas
  3 death knights
  20 hydras
  19 ogre magi
  71 two-headed ogres
  10 alligators
  6 deep troll earth magi (Depths:3)
  A death yak (shapeshifter) (Depths:3)
  11 centaur warriors
  4 spriggan berserkers
  6 deep troll shamans (Depths:3)
  7 naga sharpshooters
  8 tengu warriors
  5 shock serpents
  Urug (D:15)
  An orc high priest (Orc:2)
  Sonja (D:10)
  12 deep elf knights
  An iron troll (Depths:3)
  2 sun demons (Depths:1)
  2 salamander mystics (Snake:4)
  2 titan skeletons
  8 hell knights
  6 skeletal warriors
  A shadow wraith (Vaults:4)
  2 storm dragon skeletons
  3 wizards
  20 deep trolls
  2 unseen horrors (Vaults:1)
  A shambling mangrove (Swamp:3)
  4 glowing orange brains
  13 swamp dragons
  3 flayed ghosts
  8 naga ritualists
  10 harpies
  An obsidian statue (Orc:2)
  2 spriggan druids
  8 phantasmal warriors
  6 deep elf archers
  21 ironbrand convokers
  10 orc knights
  7 necromancers
  3 orc sorcerers
  Pikel (D:6)
  15 deep elf magi
  3 tengu skeletons
  6 mana vipers
  31 ugly things
  10 salamanders
  6 wolf spiders
  2 frost giant zombies (Depths:2)
  A salamander (shapeshifter) (Vaults:3)
  9 cyclopes
  2 manticores
  25 moths of wrath
  4 elephants (Lair:6)
  A moth of wrath (shapeshifter) (Vaults:3)
  2 stone giant skeletons (Vaults:3)
  2 fire giant zombies
  3 guardian serpents
  3 fire giant skeletons
  A guardian serpent (shapeshifter) (Depths:4)
  26 naga magi
  24 black mambas
  7 apocalypse crabs (Zot:2)
  A torpor snail (Lair:6)
  An ice statue (IceCv)
  19 vault sentinels
  A gargoyle (D:15)
  A spriggan zombie (Depths:1)
  19 spiny frogs
  2 human zombies (Vaults:3)
  3 rime drakes
  4 komodo dragons
  2 kobold demonologists (D:15)
  65 yaktaurs
  2 ice devils (Lair:2)
  2 tengu conjurers
  9 freezing wraiths
  A yaktaur skeleton (Vaults:3)
  A jumping spider (shapeshifter) (Vaults:5)
  A merfolk (shapeshifter) (Vaults:5)
  16 hornets
  3 meliai (D:15)
  A shadow dragon simulacrum (Depths:2)
  A queen bee (D:15)
  Grinder (D:4)
  16 polar bears
  8 tyrant leeches
  19 trolls
  13 blink frogs
  32 slime creatures
  6 dream sheep
  5 bog bodies
  13 hippogriffs
  A frost giant simulacrum (Depths:2)
  3 redbacks
  2 tarantellas (Vaults:2)
  Sigmund (D:2)
  7 spriggans
  5 wraiths
  2 ettin skeletons
  2 spriggan skeletons
  4 ynoxinuls (Trove)
  46 yaks
  Eustachio (D:4)
  3 shadows
  3 wyverns
  4 hogs (D:9)
  A human (D:9)
  A yak (shapeshifter) (Depths:2)
  4 basilisks
  4 hungry ghosts
  23 vampire mosquitoes
  Menkaure (D:6)
  34 nagas
  Edmund (D:6)
  11 wargs
  15 insubstantial wisps
  16 swamp worms
  A soldier ant (shapeshifter) (D:14)
  3 acid dragons
  6 human skeletons (Vaults:3)
  19 water moccasins
  A floating eye (shapeshifter) (Depths:3)
  7 porcupines
  16 swamp drakes
  31 orc warriors
  A floating eye (Depths:3)
  7 ice beasts
  An ice beast (shapeshifter) (Depths:1)
  A black bear (shapeshifter) (Vaults:5)
  5 sky beasts
  A spriggan simulacrum (Depths:2)
  4 eyes of draining
  3 phantoms
  A fire dragon simulacrum (Depths:1)
  62 ogres
  2 tengu (shapeshifter) (Vaults:4)
  6 black bears
  6 boggarts
  3 necrophages
  22 wolves
  10 centaurs
  2 big kobolds
  10 crocodiles
  A gnoll sergeant (D:7)
  11 bullfrogs
  A wyvern zombie (D:8)
  A wyvern skeleton (D:9)
  26 killer bees
  3 scorpions
  8 electric eels
  2 howler monkeys
  6 crimson imps
  3 bullfrog zombies
  The ghost of brevous the Grave Robber, a weakling DENe (D:3)
  4 centaur zombies
  3 human simulacra
  10 hounds
  A quasit (D:13)
  18 orc priests
  33 orc wizards
  A bullfrog skeleton (D:12)
  7 centaur skeletons
  4 jellies
  5 iguanas
  6 hell rats (Lair:6)
  6 worker ants
  A hound zombie (D:6)
  A hound skeleton (D:6)
  A worker ant zombie (D:9)
  6 gnolls
  A howler monkey skeleton (D:6)
  9 adders
  6 shadow imps
  A white imp (Depths:4)
  An ooze (D:3)
  2 adder zombies
  An adder skeleton (D:5)
  2 worms
  11 leopard geckos
  112 orcs
  3 giant cockroaches
  5 goblins
  6 hobgoblins
  18 jackals
  4 quokkas
  A bat (shapeshifter) (Depths:3)
  16 bats
  4 frilled lizards
  15 kobolds
  A quokka skeleton (D:6)
  A quokka zombie (D:8)
  7 rats
  A spectral orc (D:7)
  A briar patch (Swamp:4)
  2 crawling corpses (Depths:3)
  3 plants (Lair:6)
2157 creatures vanquished.

Vanquished Creatures (collateral kills)
  An anaconda (Snake:1)
  3 naga magi (Snake:1)
  A boggart (Vaults:1)
  A killer bee (D:9)
  A quokka (D:4)
7 creatures vanquished.

Vanquished Creatures (others)
  A storm dragon (Zot:3)
  A hydra (Swamp:4)
  A centaur warrior (Depths:3)
  2 moths of wrath (Zot:5)
  A naga mage (Snake:3)
  A yaktaur (Vaults:5)
  A yak (IceCv)
  A wolf (IceCv)
  2 centaurs (D:14)
  A kobold (D:15)
  6 fungi
  4 plants
22 creatures vanquished.

Grand Total: 2186 creatures vanquished

Notes
Turn   | Place    | Note
-------+----------+-------------------------------------------
     0 | D:1      | Dietz the Draconian Transmuter began the quest for the Orb.
     0 | D:1      | Reached XP level 1. HP: 16/16 MP: 3/3
   549 | D:1      | Reached XP level 2. HP: 17/23 MP: 3/5
  1244 | D:2      | Reached XP level 3. HP: 17/28 MP: 4/6
  1656 | D:2      | Reached skill level 4 in Unarmed Combat
  1847 | D:2      | Noticed Sigmund
  1857 | D:2      | Killed Sigmund
  1857 | D:2      | Reached XP level 4. HP: 16/35 MP: 5/7
  1857 | D:2      | Reached XP level 5. HP: 18/40 MP: 5/8
  2076 | D:2      | Learned a level 2 spell: Sticks to Snakes
  2080 | D:2      | Learned a level 3 spell: Spider Form
  2145 | D:2      | Reached skill level 5 in Unarmed Combat
  2446 | D:3      | Found a glowing silver altar of Zin.
  2469 | D:3      | Reached XP level 6. HP: 42/47 MP: 7/9
  2497 | D:3      | Found a hazy altar of Hepliaklqana.
  2581 | D:3      | Found a runed door.
  2584 | D:3      | Noticed brevous's ghost (weakling DENe)
  2634 | D:3      | Killed brevous's ghost
  2821 | D:3      | Found a burning altar of Makhleb.
  2847 | D:3      | Reached skill level 5 in Transmutations
  3323 | D:4      | Noticed Eustachio
  3363 | D:4      | Killed Eustachio
  3363 | D:4      | Your scales start taking on a lurid green colour.
  3363 | D:4      | Reached XP level 7. HP: 43/52 MP: 1/10
  3363 | D:4      | Gained mutation: Your system is resistant to poisons. (rPois) [Green Draconian growth]
  3372 | D:4      | Found a staircase to the Ecumenical Temple.
  3381 | Temple   | Entered the Ecumenical Temple
  3388 | Temple   | Became a worshipper of the Wu Jian Council
  3479 | D:4      | Noticed Grinder
  3508 | D:4      | Killed Grinder
  3508 | D:4      | Reached skill level 6 in Unarmed Combat
  3948 | D:4      | Found a deep blue altar of Sif Muna.
  4240 | D:5      | Entered Level 5 of the Dungeon
  4330 | D:5      | Reached skill level 7 in Unarmed Combat
  4533 | D:5      | Reached XP level 8. HP: 55/59 MP: 9/11
  4617 | D:5      | Reached * piety under Wu Jian
  4659 | D:5      | Found an ancient bone altar of Kikubaaqudgha.
  5095 | D:6      | Learned a level 5 spell: Blade Hands
  5099 | D:6      | Noticed Edmund
  5128 | D:6      | Killed Edmund
  5128 | D:6      | Reached skill level 8 in Unarmed Combat
  5536 | D:6      | Reached skill level 9 in Unarmed Combat
  5745 | D:6      | Reached XP level 9. HP: 63/63 MP: 12/12
  5931 | D:6      | Noticed Menkaure
  5949 | D:6      | Found a sacrificial altar of Ru.
  5954 | D:6      | Killed Menkaure
  5967 | D:6      | Reached ** piety under Wu Jian
  6187 | D:6      | Noticed Pikel
  6194 | D:6      | Killed Pikel
  6204 | D:6      | Reached skill level 10 in Unarmed Combat
  6641 | D:7      | Found an iron altar of Okawaru.
  7146 | D:7      | Found a basalt altar of Yredelemnul.
  7343 | D:8      | Got a shimmering rapier
  7344 | D:8      | Identified the +9 rapier of Isiusatt {drain, rC+ Stlth+} (You found it on level 8 of the Dungeon)
  7501 | D:8      | Found a snail-covered altar of Cheibriados.
  7577 | D:8      | Reached skill level 10 in Transmutations
  7615 | D:8      | Reached XP level 10. HP: 59/70 MP: 9/13
  7915 | D:8      | Reached *** piety under Wu Jian
  7919 | D:8      | Reached skill level 1 in Short Blades
  8101 | D:8      | Found a shimmering altar of Xom.
  8101 | D:8      | Found a shimmering altar of Xom.
  8101 | D:8      | Found a shimmering altar of Xom.
  8101 | D:8      | Found a shimmering altar of Xom.
  8101 | D:8      | Found a shimmering altar of Xom.
  8101 | D:8      | Found a shimmering altar of Xom.
  8101 | D:8      | Found a shimmering altar of Xom.
  8101 | D:8      | Found a shimmering altar of Xom.
  8154 | D:8      | Reached skill level 11 in Unarmed Combat
  8168 | D:8      | Found a staircase to the Lair.
  9119 | D:9      | Noticed a two-headed ogre
  9125 | D:9      | Killed a two-headed ogre
  9530 | D:9      | Reached **** piety under Wu Jian
  9530 | D:9      | Reached XP level 11. HP: 78/78 MP: 10/16
  9661 | D:9      | Found a staircase to the Orcish Mines.
  9765 | D:10     | Entered Level 10 of the Dungeon
  9791 | D:10     | Noticed Sonja
  9794 | D:10     | Reached skill level 5 in Short Blades
  9799 | D:10     | Killed Sonja
 10162 | D:9      | Learned a level 2 spell: Poisonous Vapours
 10844 | D:10     | Reached skill level 12 in Unarmed Combat
 11092 | D:11     | Noticed Snorg
 11102 | D:11     | Killed Snorg
 11155 | D:11     | Found Seixuylu's Armour Emporium.
 11175 | D:11     | Found Zuicane's Food Shop.
 11185 | D:11     | Found Qealuan's Weapon Shop.
 11341 | D:11     | Noticed Erolcha
 11351 | D:11     | Killed Erolcha
 11675 | D:11     | Found a large runed door.
 11675 | D:11     | Found a large runed door.
 11676 | D:11     | Noticed fooot's ghost (journeyman FoAK)
 11687 | D:11     | Found Ateatapu's Book Emporium.
 11907 | D:12     | Reached skill level 5 in Spellcasting
 11940 | D:12     | Noticed a two-headed ogre
 11948 | D:12     | Killed a two-headed ogre
 11951 | D:12     | Reached ***** piety under Wu Jian
 11951 | D:12     | Reached skill level 1 in Poison Magic
 12348 | D:12     | Reached XP level 12. HP: 82/86 MP: 13/19
 12879 | Lair:1   | Entered Level 1 of the Lair of Beasts
 12912 | Lair:1   | Noticed an eight-headed hydra
 12928 | Lair:1   | Killed an eight-headed hydra
 13996 | Lair:1   | Learned a level 4 spell: Ice Form
 14231 | Lair:2   | Found a frozen archway.
 14250 | IceCv    | Entered an ice cave
 15186 | IceCv    | Reached skill level 13 in Unarmed Combat
 15797 | IceCv    | Noticed a frost giant
 15823 | IceCv    | Killed a frost giant
 16199 | IceCv    | Reached XP level 13. HP: 90/96 MP: 16/22
 16298 | IceCv    | Got a sparkling marble ring
 16306 | IceCv    | Got a smoking broad axe
 16307 | IceCv    | Identified the +5 broad axe of Insufficient Pleasure {chop, *Slow rPois rN+ Int+3} (You found it in an ice cave)
 16456 | Lair:1   | Identified the ring "Tuynna" {+Inv rElec rC+ MR- Str+3} (You found it in an ice cave)
 16959 | Lair:2   | Found a staircase to the Swamp.
 17696 | Lair:3   | Learned a level 5 spell: Alistair's Intoxication
 18092 | Lair:3   | Noticed Gastronok
 18107 | Lair:3   | Killed Gastronok
 18658 | Lair:4   | Found a staircase to the Snake Pit.
 18670 | Lair:4   | Noticed Nessos
 18680 | Lair:4   | Killed Nessos
 18968 | Lair:4   | Reached skill level 10 in Short Blades
 19281 | Lair:4   | Found a white marble altar of Elyvilon.
 19341 | Lair:4   | Reached skill level 5 in Fighting
 19375 | Lair:4   | Noticed Harold
 19383 | Lair:4   | Killed Harold
 19555 | Lair:5   | Found a staircase to the Slime Pits.
 19556 | Lair:5   | Found a viscous altar of Jiyva.
 19950 | Lair:5   | Learned a level 3 spell: Mephitic Cloud
 20102 | Lair:5   | Reached ****** piety under Wu Jian
 20475 | Lair:6   | Entered Level 6 of the Lair of Beasts
 20766 | Lair:6   | Reached skill level 5 in Poison Magic
 20778 | Lair:6   | Reached skill level 14 in Unarmed Combat
 20780 | Lair:6   | Gained mutation: Your tail ends in a poisonous barb. [Green Draconian growth]
 20780 | Lair:6   | Reached XP level 14. HP: 64/107 MP: 11/24
 22598 | Lair:6   | Got a shimmering battleaxe
 22599 | Lair:6   | Identified the +2 battleaxe "Xaibe" {chop, rPois Str+2 Dex+3} (You found it on level 6 of the Lair of Beasts)
 22632 | Lair:6   | Found the cursed +14 obsidian axe {chop, +Fly SInv *Curse}
 23492 | Lair:1   | Learned a level 4 spell: Olgreb's Toxic Radiance
 23568 | Swamp:1  | Entered Level 1 of the Swamp
 23584 | Lair:2   | HP: 4/108 [slime creature (15)]
 24515 | Swamp:1  | Learned a level 2 spell: Blink
 24606 | Swamp:1  | Noticed Donald
 24639 | Swamp:1  | Killed Donald
 25473 | Swamp:1  | Found a burning altar of Makhleb.
 26299 | Swamp:2  | Reached XP level 15. HP: 106/115 MP: 20/27
 29028 | Swamp:4  | Entered Level 4 of the Swamp
 29049 | Swamp:4  | Noticed a thorn hunter
 29057 | Swamp:4  | Killed a thorn hunter
 29057 | Swamp:4  | Reached skill level 1 in Shields
 29334 | Swamp:4  | Noticed a thorn hunter
 29395 | Swamp:4  | Reached skill level 15 in Unarmed Combat
 29395 | Swamp:4  | Reached skill level 15 in Transmutations
 29806 | Swamp:4  | Reached skill level 5 in Dodging
 30677 | Swamp:4  | Killed a thorn hunter
 31201 | Swamp:4  | Got a decaying rune of Zot
 31787 | Snake:1  | Entered Level 1 of the Snake Pit
 32156 | Snake:1  | Reached XP level 16. HP: 106/126 MP: 20/29
 32321 | Snake:1  | Found Riusat's Jewellery Boutique.
 32321 | Snake:1  | Found Cani's Gadget Emporium.
 32322 | Snake:1  | Found Pimiluev's Jewellery Boutique.
 32457 | Snake:1  | Bought a +2 amulet of reflection for 135 gold pieces
 32472 | Snake:1  | Bought an uncursed ring of protection from magic for 400 gold pieces
 32752 | D:11     | Bought a Fen Folio for 975 gold pieces
 32874 | Lair:1   | Learned a level 6 spell: Hydra Form
 32879 | Lair:1   | Learned a level 4 spell: Petrify
 35179 | Snake:1  | Identified The Second Course in Spellcasting
 36156 | Snake:2  | Noticed Jorgrun
 36316 | Snake:2  | Killed Jorgrun
 39080 | Snake:4  | Entered Level 4 of the Snake Pit
 40558 | Snake:4  | Noticed Saint Roka
 40610 | Snake:4  | Reached XP level 17. HP: 111/134 MP: 22/30
 40715 | Snake:4  | Killed Saint Roka
 40715 | Snake:4  | Reached skill level 16 in Unarmed Combat
 40715 | Snake:4  | Reached skill level 10 in Spellcasting
 42620 | Snake:4  | Got a serpentine rune of Zot
 42972 | Orc:1    | Entered Level 1 of the Orcish Mines
 43683 | Orc:2    | Entered Level 2 of the Orcish Mines
 43948 | Orc:2    | Found a staircase to the Elven Halls.
 43948 | Orc:2    | Found Sooga's Armour Shop.
 44613 | Orc:2    | Found Rounim's Armour Shoppe.
 44636 | Orc:2    | Found Cecolot's Antique Armour Emporium.
 44660 | Orc:2    | Found Huypirum's General Store.
 44719 | Orc:2    | Found a roughly hewn altar of Beogh.
 44906 | Orc:2    | Bought a pair of embroidered boots for 180 gold pieces
 45060 | Orc:2    | Found Tioc's Magic Scroll Boutique.
 45063 | Orc:2    | Bought a scroll of silence for 90 gold pieces
 45081 | Orc:2    | Found a runed gate.
 45082 | Orc:2    | Found a runed gate.
 45082 | Orc:2    | Found an opulent altar of Gozag.
 45083 | Orc:2    | Found a runed gate.
 45096 | Orc:2    | Noticed ICEMaiden's ghost (journeyman DsFE)
 45102 | Orc:2    | Found Emorant's Assorted Antiques.
 45351 | Orc:2    | Killed ICEMaiden's ghost
 45507 | Orc:2    | Bought a shiny ivory ring for 95 gold pieces
 45507 | Orc:2    | Bought a scroll labeled WUMATA MAFOSM for 19 gold pieces
 45507 | Orc:2    | Bought a chunky metal-bound book for 285 gold pieces
 45507 | Orc:2    | Bought a hardcover book for 285 gold pieces
 45517 | Orc:2    | Found the +2 hat of the Bear Spirit {Spirit, +Rage rN+ MR++}
 45991 | D:11     | Killed fooot's ghost
 45997 | D:11     | Got a glittering copper amulet
 45998 | D:11     | Identified the amulet of Sutuamax {Gourm rN+} (You found it on level 11 of the Dungeon)
 46659 | D:13     | Reached skill level 1 in Evocations
 47150 | D:14     | Reached skill level 17 in Unarmed Combat
 47356 | D:14     | Reached XP level 18. HP: 140/146 MP: 32/32
 47408 | D:14     | Found a gate to the Vaults.
 47865 | D:14     | Found a blossoming altar of Fedhas.
 47991 | D:15     | Entered Level 15 of the Dungeon
 48820 | D:15     | Noticed Urug
 48826 | D:15     | Killed Urug
 48967 | D:15     | Reached skill level 10 in Fighting
 49274 | D:15     | Found a staircase to the Depths.
 49395 | D:15     | Reached skill level 10 in Dodging
 49648 | Depths:1 | Entered Level 1 of the Depths
 49672 | Depths:1 | Found a one-way gate to the infinite horrors of the Abyss.
 49955 | Depths:1 | Learned a level 5 spell: Yara's Violent Unravelling
 50403 | Depths:1 | Noticed Bai Suzhen
 50658 | Vaults:1 | Entered Level 1 of the Vaults
 51035 | Vaults:1 | Found Naremn's Antique Armour Emporium.
 51046 | Vaults:1 | Bought a glowing buckler for 172 gold pieces
 51696 | Vaults:1 | Reached skill level 5 in Evocations
 52430 | Vaults:1 | Found Gozag's Antique Weapon Emporium.
 52431 | Vaults:1 | Found an opulent altar of Gozag.
 52437 | Vaults:1 | Noticed a lich
 52440 | Vaults:1 | Reached XP level 19. HP: 50/156 MP: 19/34
 52440 | Vaults:1 | Reached skill level 18 in Unarmed Combat
 52446 | Vaults:1 | Paralysed by a hornet for 1 turns
 52451 | Vaults:1 | Found Gozag's Antique Armour Emporium.
 52454 | Vaults:1 | Found Gozag's Antique Weapon Shoppe.
 52876 | Vaults:1 | Bought a steaming buckler for 950 gold pieces
 52886 | Vaults:1 | Identified the +3 buckler "Tihier" {Str+6 Int+3} (You bought it in a shop on level 1 of the Vaults)
 53835 | Vaults:2 | Found a flickering gateway to a bazaar.
 53845 | Bazaar   | Entered a bazaar
 53845 | Bazaar   | Found Poruraid's Magic Scroll Boutique.
 53845 | Bazaar   | Found Daashrem's Jewellery Boutique.
 53845 | Bazaar   | Found Plog's Gadget Shop.
 53845 | Bazaar   | Found Ripil's Gadget Shop.
 53845 | Bazaar   | Found Daonlat's Magic Scroll Boutique.
 53986 | Bazaar   | Bought a scroll of blinking for 82 gold pieces
 53990 | Bazaar   | Bought a scroll of acquirement for 416 gold pieces
 53990 | Bazaar   | Bought a scroll of blinking for 60 gold pieces
 53994 | Bazaar   | Got a pair of pitted gloves
 54005 | Bazaar   | Identified the +2 pair of gloves of the Pink Corner {+Inv rElec MR+} (You acquired it in a bazaar)
 54012 | Bazaar   | Bought the ring "Nitraepp" {MR+ Str+4 Slay+2} for 829 gold pieces
 55414 | Vaults:2 | Noticed Boris
 56363 | Vaults:3 | Reached skill level 19 in Unarmed Combat
 56454 | Vaults:3 | Noticed Frederick
 56459 | Vaults:3 | Killed Frederick
 56557 | Vaults:3 | Noticed a Brimstone Fiend
 56940 | Vaults:3 | Reached XP level 20. HP: 162/169 MP: 35/35
 57069 | Vaults:3 | Found Odghutz's Jewellery Emporium.
 57079 | Vaults:3 | Bought the cursed ring "Juzodal" {rElec rC+ EV-2 Slay+2} for 492 gold pieces
 57240 | Vaults:3 | Found a staircase to the Crypt.
 57873 | Vaults:2 | Killed Boris
 59259 | Vaults:4 | Reached skill level 20 in Unarmed Combat
 59688 | Vaults:4 | Found a burning altar of Makhleb.
 59808 | Vaults:4 | Noticed Xtahua
 60479 | Vaults:4 | Reached XP level 21. HP: 164/179 MP: 30/37
 61122 | Vaults:4 | Killed Xtahua
 61439 | Vaults:4 | Got a faintly glowing iron amulet
 61443 | Vaults:4 | Identified the amulet "Qichit" {Faith *Corrode rPois MR- Str+7} (You took it off a centaur warrior on level 4 of the Vaults)
 62619 | Depths:1 | Found a gateway to Hell.
 62666 | Depths:1 | Found Efeo's Armour Shop.
 63501 | Depths:1 | Killed Bai Suzhen
 63792 | Depths:2 | Found a portal to a secret trove of treasure.
 65190 | Depths:2 | Reached skill level 21 in Unarmed Combat
 65229 | Depths:2 | Learned a level 3 spell: Ignite Poison
 65825 | Depths:2 | Noticed a juggernaut
 65839 | Depths:2 | Killed a juggernaut
 66619 | Depths:3 | Found a one-way gate leading to the halls of Pandemonium.
 66644 | Depths:3 | Noticed Sojobo
 66666 | Depths:3 | Killed Sojobo
 66666 | Depths:3 | Reached XP level 22. HP: 178/190 MP: 35/38
 67047 | Depths:3 | Noticed a juggernaut
 67063 | Depths:3 | Killed a juggernaut
 68020 | Vaults:5 | Entered Level 5 of the Vaults
 68031 | Vaults:5 | Reached skill level 15 in Fighting
 68034 | Vaults:5 | Reached skill level 22 in Unarmed Combat
 68055 | Vaults:5 | Noticed a golden dragon
 68059 | Vaults:5 | Killed a golden dragon
 68092 | Vaults:5 | Reached XP level 23. HP: 200/200 MP: 35/40
 68096 | Vaults:5 | Noticed an ancient lich
 68142 | Vaults:5 | Killed an ancient lich
 68273 | Vaults:5 | Reached skill level 23 in Unarmed Combat
 68285 | Vaults:5 | Noticed an ancient lich
 68651 | Vaults:5 | Killed an ancient lich
 69450 | Vaults:5 | Found the +8 trident of the Octopus King {venom, rElec rPois MR+}
 69457 | Vaults:5 | Identified the Grimoire of Ashen Cold
 69935 | Vaults:5 | Found Ipruissot's Magic Scroll Shop.
 70014 | Vaults:5 | Got a silver rune of Zot
 70019 | Vaults:5 | Bought a scroll of enchant armour for 142 gold pieces
 70022 | Vaults:5 | Bought a scroll of blinking for 142 gold pieces
 71209 | Vaults:5 | Got a polished fustibalus
 71220 | Vaults:5 | Got a faintly humming shield
 71345 | Vaults:5 | Identified the cursed +0 shield of Refuge {rPois rF- Int+5} (You took it off a tengu reaver on level 5 of the Vaults)
 71346 | Vaults:5 | Identified the +6 fustibalus "Testudinebane" {flame, rF+ MP+9} (You took it off an ironheart preserver on level 5 of the Vaults)
 71977 | Depths:2 | You paid a toll of +3 fire dragon scales to enter a treasure trove
 71978 | Trove    | Entered a treasure trove
 72015 | Trove    | Found the amulet of the Four Winds {rN+ MR+++ Clar}
 73929 | Depths:3 | Reached skill level 15 in Dodging
 74010 | Depths:3 | Noticed a juggernaut
 74019 | Depths:3 | Noticed a caustic shrike
 74020 | Depths:3 | Killed a juggernaut
 74021 | Depths:3 | Noticed a caustic shrike
 74039 | Depths:3 | Killed a caustic shrike
 74039 | Depths:3 | Reached XP level 24. HP: 95/212 MP: 17/40
 74949 | Depths:3 | Noticed a juggernaut
 74960 | Depths:3 | Killed a juggernaut
 75181 | Depths:3 | Reached skill level 24 in Unarmed Combat
 75589 | Depths:4 | Found a snail-covered altar of Cheibriados.
 75816 | Depths:4 | Found a gateway to a ziggurat.
 76740 | Depths:5 | Entered Level 5 of the Depths
 77499 | Depths:5 | Found a gate to the Realm of Zot.
 78642 | Zot:1    | Entered Level 1 of the Realm of Zot
 78735 | Zot:1    | Learned a level 2 spell: Passwall
 78739 | Zot:1    | Learned a level 3 spell: Regeneration
 78745 | Zot:1    | Learned a level 5 spell: Irradiate
 78746 | Zot:1    | Noticed an orb of fire
 78777 | Zot:1    | Gained mutation: Your mind is acute. (Int +2) [an orb of fire]
 78782 | Zot:1    | Killed an orb of fire
 79543 | Zot:1    | Reached XP level 25. HP: 222/222 MP: 41/41
 80225 | Zot:1    | Reached skill level 25 in Unarmed Combat
 81525 | Zot:2    | Noticed an orb of fire
 81549 | Zot:2    | Killed an orb of fire
 82712 | Zot:2    | Reached skill level 15 in Spellcasting
 83187 | Zot:2    | Got a pair of fine gloves
 83188 | Zot:2    | Identified the +1 pair of gloves of Context {Int+2} (You acquired it on level 2 of the Realm of Zot)
 83479 | Zot:2    | Reached skill level 1 in Translocations
 85050 | Zot:2    | Identified the Catalogue of Dark Beguiling
 85052 | Zot:2    | Identified the Compendium of Spatial Intoxication
 85171 | Zot:3    | Reached XP level 26. HP: 232/234 MP: 38/42
 85181 | Zot:3    | Got a flickering platinum ring
 85212 | Zot:3    | Identified the ring "Recoc" {+Blink rElec MR+++ MP+9 Dex-5} (You found it on level 3 of the Realm of Zot)
 86876 | Zot:5    | Entered Level 5 of the Realm of Zot
 86978 | Zot:5    | Found a huge runed gate.
 86978 | Zot:5    | Found a huge runed gate.
 86978 | Zot:5    | Found a huge runed gate.
 86978 | Zot:5    | Found a huge runed gate.
 86978 | Zot:5    | Found a huge runed gate.
 86978 | Zot:5    | Found a huge runed gate.
 86979 | Zot:5    | Found a huge runed gate.
 86980 | Zot:5    | Found a huge runed gate.
 86980 | Zot:5    | Found a huge runed gate.
 86987 | Zot:5    | Found a huge runed gate.
 86987 | Zot:5    | Found a huge runed gate.
 86987 | Zot:5    | Found a huge runed gate.
 86987 | Zot:5    | Found a huge runed gate.
 86988 | Zot:5    | Found a huge runed gate.
 86996 | Zot:5    | Found a huge runed gate.
 87004 | Zot:5    | Found a huge runed gate.
 87004 | Zot:5    | Found a huge runed gate.
 87004 | Zot:5    | Found a huge runed gate.
 87004 | Zot:5    | Found a huge runed gate.
 87004 | Zot:5    | Found a huge runed gate.
 87006 | Zot:5    | Found a huge runed gate.
 87007 | Zot:5    | Found a huge runed gate.
 87008 | Zot:5    | Found a huge runed gate.
 87009 | Zot:5    | Found a huge runed gate.
 87017 | Zot:5    | Found a huge runed gate.
 87017 | Zot:5    | Found a huge runed gate.
 87017 | Zot:5    | Found a huge runed gate.
 87017 | Zot:5    | Found a huge runed gate.
 87019 | Zot:5    | Found a huge runed gate.
 87020 | Zot:5    | Found a huge runed gate.
 87029 | Zot:5    | Found a huge runed gate.
 87030 | Zot:5    | Found a huge runed gate.
 87338 | Zot:5    | Reached skill level 5 in Translocations
 87772 | Zot:5    | Learned a level 4 spell: Force Lance
 87917 | Zot:5    | Noticed an ancient lich
 87921 | Zot:5    | Killed an ancient lich
 87928 | Zot:5    | Noticed an orb of fire
 87937 | Zot:5    | Lost mutation: Your mind is acute. (Int +2) [an orb of fire]
 87942 | Zot:5    | Killed an orb of fire
 87983 | Zot:5    | Noticed an orb of fire
 87991 | Zot:5    | Killed an orb of fire
 88182 | Zot:5    | Noticed an ancient lich
 88204 | Zot:5    | Killed an ancient lich
 88326 | Zot:5    | Noticed an ancient lich
 88331 | Zot:5    | Killed an ancient lich
 88331 | Zot:5    | Reached XP level 27. HP: 243/243 MP: 38/42
 88722 | Zot:5    | Found a huge runed gate.
 88851 | Zot:5    | Noticed an orb of fire
 88856 | Zot:5    | Killed an orb of fire
 89533 | Zot:5    | Noticed an orb of fire
 89551 | Zot:5    | Killed an orb of fire
 89886 | Zot:5    | Noticed an orb of fire
 89889 | Zot:5    | Gained mutation: Scrolls take you a little longer to read. [an orb of fire]
 89896 | Zot:5    | Gained mutation: You are weak. (Str -2) [an orb of fire]
 89898 | Zot:5    | Killed an orb of fire
 90183 | Zot:5    | Noticed an ancient lich
 90206 | Zot:5    | Killed an ancient lich
 90599 | Zot:5    | Noticed an orb of fire
 90599 | Zot:5    | Noticed an ancient lich
 90603 | Zot:5    | Killed an orb of fire
 90603 | Zot:5    | Killed an ancient lich
 90605 | Zot:5    | Noticed an ancient lich
 90608 | Zot:5    | HP: 6/244 [yellow draconian monk (34)]
 90609 | Zot:5    | Annihilated by a death cob

Vault maps used:
D:1:      mainiacjoe_arrival_reflecting_pool
D:2:      kennysheep_generic_room_9, uniq_sigmund
D:3:      nicolae_overflow_hidden_temple, lemuel_round_altar,
          ebering_ghost_reflecting_pool, first_ration, serial_forest,
          infiniplex_forest_lined_4_way, infiniplex_forest_lined_2,
          infiniplex_forest_lined_3, infiniplex_forest_straight_2,
          infiniplex_forest_end_3, bloody_makhleb
D:4:      marbit_many_paths, minmay_temple_entry_poolview,
          kennysheep_big_empty_room, uniq_eustachio, uniq_grinder
D:5:      lemuel_round_altar
D:6:      hangedman_cross_stitches, hangedman_ru_absence, uniq_menkaure,
          uniq_pikel, uniq_edmund
D:7:      lemuel_doored_altar, yredelemnul_forgotten_temple_becter
D:8:      xom_shifter_show, kennysheep_little_box, erik_lair_island
D:9:      orc_0_dummy, grunt_livestock
D:10:     nrook_loot_triangle, minmay_misc_feat_rows, uniq_sonja
D:11:     ebering_ghost_disaster_area, serial_shops, shop, shop, shop_statue,
          shop_fountains, uniq_snorg, uniq_erolcha
D:14:     david_vaults_1, fedhas_altar_4, lightli_fourway_metalbox
D:15:     hangedman_depths_entry_try_elsewhere_first, minmay_misc_feat_alley,
          special_room, uniq_urug
Temple:   cyrus_circular_temple
Lair:1:   eino_small_chamber_without_monster
Lair:2:   minmay_swamp_entry_eels, portal_ice_cave_demonic_guard
Lair:3:   uniq_gastronok
Lair:4:   dummy_snake_entry, basic_altar, infiniplex_staircase_pool,
          uniq_harold, uniq_nessos
Lair:5:   slime_altar_1
Lair:6:   due_jungle_book, nicolae_volcano_entry_lava_flow, pond,
          lemuel_fruit_fields
Swamp:1:  basic_altar, uniq_donald
Swamp:2:  infiniplex_staircase_pool_2, swamp_pool1
Swamp:3:  nicolae_swamp_stair_fork, swamp_pool4
Swamp:4:  swamp
Snake:1:  hangedman_snake_sidewinding, minmay_shop_grove
Snake:2:  grunt_megastairs_3, uniq_jorgrun
Snake:3:  special_room
Snake:4:  snake_pit, uniq_saint_roka
Orc:2:    st_orc_open, serial_shops, shop, ebering_ghost_gozag,
          kennysheep_orc_chapel
Vaults:1: nicolae_vaults_little_squares_2, kennysheep_vaults_gozag_temple,
          v_misc_27, nicolae_vaults_network_s, vaults_mumra_hex, v_misc_1,
          hangedman_vaults_restitches, v_misc_4, ontoclasm_vaults_ring_small,
          ontoclasm_vaults_twist, nicolae_vaults_circle_grid_b,
          grunt_vaults_focal, ontoclasm_vaults_decontamination,
          vaults_room_stairs_pillars, serial_shops, shop
Vaults:2: hangedman_vaults_variations, vaults_standard_mumra_lines,
          ontoclasm_vaults_ring_square, vaults_room_corners, serial_ice_m,
          v_misc_8, nicolae_vaults_alarming, nicolae_vaults_angled_halls,
          grunt_vaults_hallway_short, v_alt_pattern_6, vaults_mumra_hexcomb,
          serial_shops, bzr_entry_customers, uniq_boris
Vaults:3: minmay_crypt_entry_skeletal_spiral, v_misc_30,
          hangedman_vaults_restitches, v_misc_5, nicolae_vaults_three_branches,
          nicolae_vaults_little_squares_6, ontoclasm_vaults_loading_screen,
          serial_shops, shop, uniq_frederick
Vaults:4: vaults_dpeg_hooks, v_misc_14, ontoclasm_vaults_ring_large,
          nicolae_vaults_circle_grid_a, nicolae_vaults_ninety_degrees,
          hangedman_vaults_stream, v_alt_pattern_3, v_rooms_6,
          ontoclasm_vaults_tryst, ontoclasm_vaults_gateway, v_misc_15,
          vaults_dpeg_diagonal, ontoclasm_vaults_spin, vaults_dpeg_encased_lava,
          nicolae_vaults_ring_of_whatevers, nicolae_vaults_little_squares_2,
          nicolae_vaults_what_the_h, basic_altar, uniq_xtahua
Depths:1: minmay_misc_feat_square, serial_shops, shop, lightli_too_deep,
          abyss_entry, minmay_strange_pillars, minmay_splitting_lines,
          kennysheep_generic_room_10, uniq_bai_suzhen
Depths:2: kennysheep_bubble_arena, nicolae_trove_entry_columns, hell_entry,
          serial_glass, glass_columns_b, glass_columns_a, glass_columns_a,
          glass_columns_a, glass_columns_a, glass_columns_a, minmay_librarian
Depths:3: grunt_runaround, hell_entry, pan_entry, uniq_sojobo
Depths:4: kennysheep_windowed_halls, enter_ziggurat_c, hangedman_coc_ice_floe,
          hangedman_decor_peaks_small, abyss_entry, cheibriados_altar_1
Depths:5: grunt_twist_and_shout, abyss_entry, hell_entry, serial_bayou_pond_d,
          infiniplex_staircase_pool_lava, serial_bayou_shore_b
Zot:1:    hangedman_player_shredder, grunt_megastairs_4
Zot:2:    gammafunk_mikee_crab_dinner
Zot:3:    kennysheep_spiral_hall
Zot:4:    grunt_ministairs_6
Zot:5:    door_vault
Bazaar:   bazaar_minmay_generic_box
Trove:    trove_nasty
IceCv:    ice_cave_caverns_02

Skill      XL: |  1  2  3  4  5  6  7  8  9 10 11 12 13 14 15 16 17 18 19 20 21 22 23 24 25 26 27 |
---------------+----------------------------------------------------------------------------------+-----
Transmutations | 4 5 6 8 10 11 12 13 14 15 16 17 18 19 21 22 | 22.6
Unarmed Combat | 4 5 7 9 10 11 12 13 14 15 17 19 20 21 22 23 24 25 | 25.0
Short Blades   | 4 7 8 10 11 12 13 14 | 14.0
Spellcasting   | 3 5 6 7 8 9 10 11 12 13 14 15 | 15.0
Fighting       | 2 3 4 5 6 7 8 9 10 12 13 14 15 16 17 18 19 | 19.4
Poison Magic   | 1 5 6 7 |  7.9
Dodging        | 3 6 8 9 10 11 12 13 14 15 16 18 | 18.6
Shields        | 3 4 |  4.0
Evocations     | 1 5 |  5.0
Translocations | 2 5 8 |  8.1
Conjurations   | |  0.1
Charms         | |  0.4
Necromancy     | |  0.4
Air Magic      | |  0.2
Earth Magic    | |  0.5

Action                   |  1- 3 |  4- 6 |  7- 9 | 10-12 | 13-15 | 16-18 | 19-21 | 22-24 | 25-27 || total
-------------------------+-------+-------+-------+-------+-------+-------+-------+-------+-------++-------
Melee: Unarmed           |   166 |   141 |   399 |   334 |   579 |   985 |   992 |   845 |   845 ||  5286
       Kick              |    16 |    21 |    45 |     6 |       |       |       |       |       ||    88
       Tailslap          |     8 |    13 |    49 |    55 |   169 |   274 |   287 |   195 |   191 ||  1241
       Headbutt          |     4 |     7 |    29 |     2 |       |       |       |       |       ||    42
       Punch             |     1 |     1 |    16 |    25 |    59 |    64 |   104 |   101 |   127 ||   498
       Rapier            |       |       |    11 |   263 |   623 |   887 |   439 |   217 |   144 ||  2584
Throw: Stone             |       |       |     1 |     2 |    18 |    42 |     7 |     7 |     7 ||    84
 Cast: Beastly Appendage |    28 |    23 |    49 |     3 |     1 |     1 |       |       |       ||   105
       Sticks to Snakes  |       |     4 |       |       |       |       |       |       |       ||     4
       Spider Form       |       |       |     1 |       |       |       |       |     1 |       ||     2
       Blade Hands       |       |       |     4 |    44 |    71 |    80 |    60 |    55 |    72 ||   386
       Poisonous Vapours |       |       |       |     4 |    33 |       |       |       |       ||    37
       Mephitic Cloud    |       |       |       |       |     5 |     1 |     1 |     1 |       ||     8
       Olgreb's Toxic Ra |       |       |       |       |     1 |     2 |     2 |     3 |     3 ||    11
       Blink             |       |       |       |       |     1 |       |       |       |    27 ||    28
       Alistair's Intoxi |       |       |       |       |       |     2 |     1 |       |       ||     3
       Hydra Form        |       |       |       |       |       |     5 |     1 |     2 |       ||     8
       Petrify           |       |       |       |       |       |     5 |     2 |       |       ||     7
       Regeneration      |       |       |       |       |       |       |       |       |     2 ||     2
Invok: Lunge             |       |       |    41 |    63 |    81 |   169 |   110 |   119 |    61 ||   644
       Whirlwind         |       |       |     4 |    49 |   166 |   219 |   310 |   227 |   148 ||  1123
       Wall Jump         |       |       |     1 |     3 |     9 |    10 |    12 |     4 |     3 ||    42
       Serpent's Lash    |       |       |       |       |    15 |    18 |    14 |    16 |    19 ||    82
       Heavenly Storm    |       |       |       |       |       |     1 |       |     1 |     1 ||     3
 Abil: Breathe Noxious F |       |       |    10 |    12 |    14 |     5 |     2 |     2 |     1 ||    46
       End Transformatio |       |       |       |       |     5 |       |     3 |     2 |     3 ||    13
Evoke: Wand              |       |       |       |     3 |    26 |     8 |     4 |     3 |     3 ||    47
       Phantom mirror    |       |       |       |       |       |       |     1 |       |       ||     1
  Use: Potion            |     1 |     4 |       |     7 |     1 |     3 |     5 |     9 |     3 ||    33
       Scroll            |       |       |    18 |     5 |    10 |    21 |    13 |    11 |    10 ||    88
 Stab: Distracted        |       |     1 |       |     1 |     1 |       |     2 |     1 |       ||     6
       Confused          |       |       |     5 |     6 |     2 |     6 |     1 |     1 |     3 ||    24
       Sleeping          |       |       |     1 |     3 |     8 |    12 |     3 |     3 |     1 ||    31
       Fleeing           |       |       |       |       |       |       |     1 |       |       ||     1
       Invisible         |       |       |       |       |       |       |       |       |     2 ||     2
       Petrified         |       |       |       |       |       |       |       |       |     1 ||     1
  Eat: Chunk             |     4 |     4 |    14 |    35 |    54 |    34 |    33 |    19 |     8 ||   205
       Ration            |       |       |     2 |     3 |     7 |    14 |     7 |    10 |    12 ||    55
Armor: Skin              |    66 |    68 |   116 |   209 |   382 |   289 |   194 |   101 |   134 ||  1559
Dodge: Dodged            |   117 |   120 |   167 |   314 |   565 |   654 |   530 |   385 |   524 ||  3376
Block: Shield            |       |       |       |       |    10 |       |       |       |       ||    10
       Buckler           |       |       |       |       |    51 |   210 |    89 |    65 |    26 ||   441
       Other             |       |       |       |       |       |    30 |    72 |    86 |       ||   188
       Reflection        |       |       |       |       |       |    32 |    22 |    15 |       ||    69

Table legend:
 A = Spawn XP
 B = Non-spawn XP
 C = Spawn XP percentage of total XP
 D = Spawn monster count
 E = Non-spawn monster count
 F = Spawn count percentage of total count
 G = Total turns spent on level
                    A         B        C        D         E        F      G
               +---------+---------+-------+---------+---------+-------+---------
         Total |       0 | 1611718 |   0.0 |       0 |    2167 |   0.0 | 90609
               +---------+---------+-------+---------+---------+-------+---------
           D:1 |       0 |      28 |   0.0 |       0 |      18 |   0.0 |  1097
           D:2 |       0 |     324 |   0.0 |       0 |      30 |   0.0 |  1258
           D:3 |       0 |     179 |   0.0 |       0 |      31 |   0.0 |   942
           D:4 |       0 |     607 |   0.0 |       0 |      14 |   0.0 |   879
           D:5 |       0 |     645 |   0.0 |       0 |      24 |   0.0 |   812
           D:6 |       0 |    2161 |   0.0 |       0 |      41 |   0.0 |  1342
           D:7 |       0 |     835 |   0.0 |       0 |      18 |   0.0 |  1055
           D:8 |       0 |    2586 |   0.0 |       0 |      48 |   0.0 |  2017
           D:9 |       0 |    4650 |   0.0 |       0 |      39 |   0.0 |  2068
          D:10 |       0 |    4533 |   0.0 |       0 |      30 |   0.0 |  1309
          D:11 |       0 |    3737 |   0.0 |       0 |      17 |   0.0 |  1554
          D:12 |       0 |    2869 |   0.0 |       0 |      21 |   0.0 |  1557
          D:13 |       0 |    8297 |   0.0 |       0 |      28 |   0.0 |  1391
          D:14 |       0 |    8986 |   0.0 |       0 |      27 |   0.0 |  1382
          D:15 |       0 |   25329 |   0.0 |       0 |      70 |   0.0 |  1600
        Lair:1 |       0 |    3839 |   0.0 |       0 |      16 |   0.0 |  2534
        Lair:2 |       0 |    5979 |   0.0 |       0 |      28 |   0.0 |  1557
        Lair:3 |       0 |    6166 |   0.0 |       0 |      12 |   0.0 |  1348
        Lair:4 |       0 |    7060 |   0.0 |       0 |      23 |   0.0 |  1380
        Lair:5 |       0 |    5318 |   0.0 |       0 |      25 |   0.0 |  1677
        Lair:6 |       0 |   25133 |   0.0 |       0 |      68 |   0.0 |  2129
       Swamp:1 |       0 |   12603 |   0.0 |       0 |      29 |   0.0 |  1434
       Swamp:2 |       0 |    9518 |   0.0 |       0 |      26 |   0.0 |  2173
       Swamp:3 |       0 |   11211 |   0.0 |       0 |      38 |   0.0 |  1894
       Swamp:4 |       0 |   30482 |   0.0 |       0 |      50 |   0.0 |  1784
       Snake:1 |       0 |   23010 |   0.0 |       0 |      42 |   0.0 |  2775
       Snake:2 |       0 |   11261 |   0.0 |       0 |      19 |   0.0 |  2231
       Snake:3 |       0 |   12913 |   0.0 |       0 |      22 |   0.0 |  1997
       Snake:4 |       0 |   48680 |   0.0 |       0 |      83 |   0.0 |  3225
         Orc:1 |       0 |    7588 |   0.0 |       0 |      52 |   0.0 |  1207
         Orc:2 |       0 |   22581 |   0.0 |       0 |      79 |   0.0 |  1404
      Vaults:1 |       0 |   65482 |   0.0 |       0 |     102 |   0.0 |  3170
      Vaults:2 |       0 |   61451 |   0.0 |       0 |      99 |   0.0 |  2366
      Vaults:3 |       0 |   65122 |   0.0 |       0 |      89 |   0.0 |  2736
      Vaults:4 |       0 |   86007 |   0.0 |       0 |     108 |   0.0 |  3301
      Vaults:5 |       0 |  186041 |   0.0 |       0 |     155 |   0.0 |  2322
      Depths:1 |       0 |   35237 |   0.0 |       0 |      48 |   0.0 |  1988
      Depths:2 |       0 |   40933 |   0.0 |       0 |      41 |   0.0 |  2412
      Depths:3 |       0 |  162130 |   0.0 |       0 |     120 |   0.0 |  3413
      Depths:4 |       0 |   37841 |   0.0 |       0 |      29 |   0.0 |  2126
      Depths:5 |       0 |   45037 |   0.0 |       0 |      42 |   0.0 |  1573
         Zot:1 |       0 |   91131 |   0.0 |       0 |      40 |   0.0 |  2355
         Zot:2 |       0 |  117078 |   0.0 |       0 |      62 |   0.0 |  3778
         Zot:3 |       0 |   37000 |   0.0 |       0 |      26 |   0.0 |   727
         Zot:4 |       0 |   56094 |   0.0 |       0 |      31 |   0.0 |  1367
         Zot:5 |       0 |  203798 |   0.0 |       0 |      53 |   0.0 |  3378
         Trove |       0 |     860 |   0.0 |       0 |       4 |   0.0 |   230
         IceCv |       0 |   11368 |   0.0 |       0 |      50 |   0.0 |  2088
               +---------+---------+-------+---------+---------+-------+---------
